cohdb
Replays
Latest Replays
All Replays
Popular Replays
Top Player Replays
Match Explorer
How It Works
Community
CoH3 Stats
Reddit
Sign in to upload your games and track your stats! →
Sign in with Steam
Match 42061834
Unlisted
Match 42061834
Overview
Messages
Build Orders
End
Construct Weapon Support Center
Engineer Squad
Selects Heavy Weapons
M1919 Machine Gun Team
Bazooka Squad
Scout Squad
Construct Barracks
Selects M2HB .50cal Heavy Machine Gun
Riflemen Squad
Infantry Support Center
Riflemen Squad
Construct Motor Pool
Selects Rapid Reposition
Construct Medical Station
M1918 Browning Automatic Rifles
M1 Anti-tank Gun Team
Selects Bolstered Team Weapons
M8 Greyhound Armored Car
Selects Assault Carriers
Selects Exchangeable Parts
Scout Squad
Riflemen Squad
Grenade Package
M24 Chaffee Light Tank
Construct Tank Depot
M1 Anti-tank Gun Team
M18 Hellcat Tank Destroyer
Munitions Surplus
M18 Hellcat Tank Destroyer
Selects M26 Pershing Heavy Tank
Riflemen Squad
Selects M26 Pershing Heavy Tank
M18 Hellcat Tank Destroyer
Riflemen Squad
M1 Mortar Team
M18 Hellcat Tank Destroyer
Scooter
BIOHAZARD
0
0
Comments
sign in to comment!
No comments posted yet!